Map: Ascension to Aiur LE

Players

Derp - Winner!

  • Race: Terran Terran
  • League: Gold
  • Spawn Location: 5:00

Juxtapose

  • Race: Terran Terran
  • League: Gold
  • Spawn Location: 11:00

VOD

https://youtu.be/z5JCJhHMeyI

Description

My Terran game is still poor, but I did feel more comfortable this match. My major mistake was overextending in trying to take down my opponent's third base.

I should have pulled back and either macroed more, or tried for their natural. I also need to make more production facilities, as I never make enough as Terran.

Time

  • Played on: Aug. 14, 2017, 7:06 p.m.
  • Length: 15:28
Show
View Real Time Build Order
Export as new Build Order

Derp Terran - Winner!

Build Orders:  

Get SALT Encoding   

  12  0:02  SCV  
  13  0:14  SCV  
  14  0:23  Supply Depot  
  14  0:26  SCV  
  15  0:45  SCV  
  15  0:48  Barracks  
  17  0:57  SCV  
  17  0:58  Supply Depot  
  17  1:09  SCV  
  18  1:21  SCV  
  19  1:34  Orbital Command  
  19  1:37  Marine  
  19  1:39  Bunker  
  20  1:50  Bunker  
  20  1:51  Barracks  
  20  1:54  Refinery, Marine  
  20  1:55  Refinery  
  21  2:08  SCV  
  22  2:12  Marine  
  23  2:20  SCV  
  24  2:27  Engineering Bay  
  24  2:30  Marine  
  24  2:32  SCV  
  26  2:40  Barracks Tech Lab  
  26  2:44  SCV  
  26  2:48  Marine  
  26  2:50  Barracks  
  28  2:54  Supply Depot, Terran Infantry Weapons Level 1  
  28  2:56  SCV  
  29  3:02  Combat Shields  
  28  3:05  Marine  
  28  3:08  SCV  
  30  3:15  Barracks Reactor  
  30  3:21  SCV  
  30  3:23  Marine  
  32  3:33  SCV  
  33  3:35  Missile Turret  
  33  3:36  Supply Depot  
  33  3:38  Barracks Reactor  
  33  3:42  Marauder  
  33  3:45  SCV  
  36  3:53  Marine x2  
  38  3:57  SCV  
  39  4:03  Marauder, Supply Depot  
  39  4:09  Bunker  
  41  4:11  Marine x2  
  41  4:16  Marine x2  
  45  4:21  Concussive Shells  
  45  4:22  SCV  
  46  4:25  Marauder  
  46  4:29  Marine  
  49  4:34  Supply Depot  
  49  4:45  Marine x3  
  52  4:46  Marauder  
  52  4:48  SCV  
  55  4:53  Neosteel Frame  
  55  4:55  Marine  
  56  5:02  Marine  
  56  5:03  Marine  
  56  5:04  Supply Depot  
  58  5:08  Marauder  
  60  5:14  Marine  
  61  5:26  Marine, Command Center  
  54  5:44  Marine x2, SCV  
  54  5:45  Factory  
  54  5:46  Marine  
  58  5:54  Marine, Supply Depot  
  58  5:56  SCV  
  60  6:08  Marauder, SCV  
  63  6:13  Terran Infantry Armor Level 1  
  63  6:17  Missile Turret  
  63  6:20  SCV  
  63  6:23  Marine  
  63  6:24  Marine x2  
  67  6:33  Marauder  
  67  6:55  Orbital Command  
  67  7:02  Factory Tech Lab  
  67  7:03  Missile Turret  
  67  7:09  Marine x4  
  67  7:10  Marauder, Starport  
  67  7:15  SCV  
  74  7:22  Missile Turret  
  74  7:25  Refinery  
  74  7:26  Refinery  
  74  7:27  Marine, SCV  
  76  7:32  Marauder  
  76  7:34  Infernal Pre-Igniter  
  78  7:40  Hellion, SCV  
  78  7:41  SCV  
  82  7:46  Supply Depot  
  82  7:48  Starport Tech Lab  
  82  7:51  Marine x2  
  82  7:52  Marine  
  82  7:53  SCV  
  86  8:08  Marauder, Hellion, SCV  
  86  8:12  Command Center  
  72  8:22  Marine x3  
  72  8:23  Raven  
  63  8:29  Marauder  
  63  8:41  Marine x4  
  50  8:43  Hellion  
  54  8:50  SCV  
  54  8:51  Marauder, SCV  
  58  9:03  SCV x2  
  58  9:06  Viking  
  58  9:07  Supply Depot  
  64  9:19  SCV x2  
  64  9:22  Marine  
  67  9:24  Marine  
  67  9:26  Missile Turret  
  67  9:29  Planetary Fortress  
  67  9:31  SCV  
  67  9:32  Marine  
  67  9:33  Marine x2  
  70  9:40  Marine  
  70  9:41  Supply Depot  
  70  9:42  Marine  
  70  9:50  Marine  
  70  9:52  Marine x2  
  71  9:56  Siege Tank  
  74  10:07  Banshee  
  74  10:10  Marauder, SCV x3  
  74  10:13  Marine  
  74  10:14  Marine x3  
  86  10:22  SCV  
  86  10:23  Fusion Core  
  86  10:26  Supply Depot  
  87  10:31  Marine  
  88  10:36  Marine x2  
  88  10:37  Marine x2  
  88  10:39  SCV x2  
  94  10:44  Siege Tank  
  94  10:49  Marauder  
  99  10:50  Banshee  
  99  10:54  Marine x2, Missile Turret  
  99  10:55  Marine x2  
  106  11:00  Armory  
  106  11:03  Refinery  
  106  11:11  Marauder  
  99  11:38  Battlecruiser, Siege Tank  
  108  11:43  SCV x3  
  108  11:45  Marine x3  
  108  11:46  Marauder  
  116  11:50  Supply Depot  
  116  11:51  Terran Infantry Weapons Level 2  
  116  11:55  SCV x2  
  118  12:08  Marauder  
  120  12:14  Marine x3  
  123  12:17  Siege Tank  
  123  12:21  Supply Depot  
  123  12:22  Marine  
  127  12:29  Marauder  
  129  12:30  Barracks x2  
  129  12:31  Marine, Barracks  
  129  12:32  Marine  
  106  12:44  Marine x2  
  106  12:49  Marine, Hellion  
  106  12:50  Marauder  
  105  12:59  Marine  
  105  13:02  Marine  
  105  13:03  SCV x3  
  110  13:08  Refinery  
  110  13:09  Refinery  
  110  13:12  Marauder  
  112  13:17  Supply Depot  
  112  13:18  Marine x3  
  115  13:22  Barracks Reactor, Barracks Tech Lab x2  
  115  13:23  Battlecruiser  
  121  13:33  Marauder, SCV x2  
  121  13:34  Marine, SCV  
  126  13:35  Marine  
  128  13:43  Marine x2, Supply Depot  
  128  13:45  Marine, SCV  
  128  13:46  Marauder  
  134  13:52  Marine  
  134  13:53  Marine  
  134  13:55  Marauder  
  138  13:56  SCV x2  
  138  13:58  SCV  
  138  14:02  Marine x4  
  145  14:04  Marauder  
  145  14:07  Marauder  
  149  14:10  Supply Depot  
  149  14:24  Marine x2  
  149  14:25  Marauder x2, Marine  
  149  14:27  Banshee  
  114  15:06  Marine x4  
  114  15:07  Marauder x3, Marine x2  
Show
View Real Time Build Order
Export as new Build Order

Juxtapose Terran 

Build Orders:  

Get SALT Encoding   

  12  0:01  SCV  
  13  0:13  SCV  
  14  0:25  SCV  
  15  0:30  Supply Depot  
  15  0:51  SCV  
  16  0:58  Barracks  
  16  1:04  SCV  
  17  1:08  Supply Depot  
  17  1:16  SCV  
  18  1:28  SCV  
  19  1:40  SCV  
  19  1:45  Refinery  
  20  1:47  Refinery  
  20  1:58  Orbital Command  
  20  2:01  Marine  
  21  2:13  Barracks  
  21  2:19  Marine  
  22  2:39  Factory  
  22  2:46  SCV, Command Center  
  23  2:53  Engineering Bay  
  23  2:58  SCV  
  23  3:02  Barracks Reactor  
  23  3:03  Barracks Tech Lab  
  24  3:14  SCV  
  25  3:24  Stimpack  
  25  3:26  Marine, SCV  
  27  3:35  Starport  
  27  3:38  SCV  
  27  3:41  Widow Mine  
  30  3:50  SCV  
  30  3:52  Supply Depot  
  31  4:01  Marine x2  
  31  4:02  Marine  
  34  4:06  Orbital Command  
  34  4:13  Starport Reactor  
  34  4:17  Supply Depot  
  34  4:18  Terran Infantry Weapons Level 1  
  34  4:19  Marine x3  
  37  4:24  Orbital Command  
  37  4:37  Marine x2  
  39  4:56  Medivac x2  
  39  4:59  SCV  
  44  5:11  SCV  
  45  5:19  Marine  
  45  5:20  Marine  
  47  5:23  Hellion  
  47  5:27  Marine  
  50  5:37  Marine  
  51  5:44  Hellion  
  53  5:54  SCV  
  54  6:00  Marine x3  
  54  6:01  Medivac  
  54  6:02  Medivac  
  61  6:06  SCV  
  61  6:07  Factory Tech Lab  
  62  6:13  Terran Infantry Armor Level 1  
  62  6:23  Supply Depot  
  62  6:28  Refinery  
  62  6:45  Marine, SCV  
  62  6:46  Refinery  
  59  6:57  SCV, Siege Tank  
  59  6:58  Marine  
  59  6:59  Marine  
  65  7:02  Marine  
  66  7:09  SCV  
  67  7:16  Marine  
  67  7:18  Supply Depot  
  67  7:21  SCV  
  69  7:33  SCV  
  70  7:39  Marine x3  
  70  7:40  Siege Tank  
  76  7:45  SCV  
  76  7:46  Supply Depot  
  77  7:57  Marine  
  78  8:07  Marine x2, SCV, Liberator  
  78  8:08  Liberator  
  78  8:09  Supply Depot  
  69  8:22  Marine  
  69  8:23  Siege Tank  
  69  8:25  Marine x2  
  77  8:31  Supply Depot  
  76  8:39  Marine  
  71  8:42  Marine x2  
  71  8:50  Liberator x2  
  70  8:55  Siege Tank  
  79  9:13  Marine x3  
  79  9:16  Command Center  
  82  9:17  Refinery  
  82  9:20  Armory  
  82  9:22  Barracks  
  82  9:28  Siege Tank  
  82  9:31  Marine  
  86  9:54  Marine x3  
  89  10:11  Marine  
  89  10:12  Marine x2  
  92  10:16  Terran Infantry Weapons Level 2  
  92  10:18  Terran Vehicle Weapons Level 1  
  92  10:29  Marine x3  
  95  10:45  Planetary Fortress  
  95  10:59  Marine x4  
  90  11:17  Marine  
  51  11:31  Barracks Reactor  
  48  11:36  Medivac x2  
  52  11:48  Siege Tank  
  52  11:51  Marine x3  
  58  11:55  SCV  
  58  12:00  Missile Turret  
  59  12:07  SCV  
  59  12:08  SCV  
  61  12:09  Marine x2  
  63  12:19  SCV  
  63  12:20  Marine x3, SCV, Siege Tank  
  71  12:26  Missile Turret  
  71  12:27  Marine x2  
  69  12:37  Marine  
  69  12:38  Marine  
  55  12:53  Siege Tank  
  55  12:59  Marine  
  55  13:00  Marine x4  
  55  13:04  Viking x2  
  57  13:17  Marine x3  
  57  13:18  Marine x2  
  62  13:25  Command Center  
  62  13:35  Marine x4  
  66  13:52  Siege Tank  
  66  13:53  Marine  
  66  13:54  Marine x4  
  74  14:11  Marine x3  
  74  14:14  Medivac x2  
  81  14:19  Marine x2  
  83  14:24  Siege Tank  
  83  14:26  Liberator  
  83  14:27  Liberator  
  83  14:29  Marine x3  
  89  14:37  Marine x2  
  51  14:47  Marine x3  
  49  14:55  Marine  
Tags
 
League
GoldGold
Matchup
TvT
Race
Terran
Spawn Locations
Cross Positions
Add a new tag
Caveats
  • Supply blocks, unpowered buildings, or Contaminate may cause inaccurate times.
  • Supply counts are checked every 10 seconds.